 Dungeon Crawl Stone Soup version 0.22-a0-824-g1ca9aab89c (webtiles) character file.

3165 Htamos the Destroyer (level 9, -16/78 HPs)
             Began as a Pale Draconian Conjurer on July 24, 2018.
             Was an Initiate of Vehumet.
             Demolished by a two-headed ogre
             ... wielding a +0 giant spiked club
              (26 damage)
             ... on level 8 of the Dungeon.
             The game lasted 00:22:35 (10054 turns).

Htamos the Destroyer (Pale Draconian Conjurer)     Turns: 10054, Time: 00:22:35

Health: -16/78     AC: 10    Str: 11    XL:     9   Next: 63%
Magic:  18/18      EV: 12    Int: 19    God:    Vehumet [......]
Gold:   365        SH:  0    Dex: 13    Spells: 11/20 levels left

rFire    . . .     SeeInvis .   t - +3 quarterstaff (chaos)
rCold    . . .     Gourm    .   (shield currently unavailable)
rNeg     . . .     Faith    .   (armour unavailable)
rPois    +         Spirit   .   (helmet restricted)
rElec    +         Reflect  .   u - +0 cloak
rCorr    +         Harm     .   i - +1 pair of gloves
MR       +....                  (no boots)
Stlth    ++........             (no amulet)
HPRegen  0.23/turn              o - ring of resist corrosion (curse)
MPRegen  0.16/turn              (no ring)

@: no status effects
A: breathe steam, unfitting armour, agile 1, magic resistance 1, poison
resistance, electricity resistance, cold-blooded, AC +7
a: Breathe Steam, Renounce Religion


You were on level 8 of the Dungeon.
You worshipped Vehumet.
Vehumet was noncommittal.
You were not hungry.

You visited 2 branches of the dungeon, and saw 9 of its levels.

You collected 365 gold pieces.

Inventory:

Hand Weapons
 c - a +4 trident
 d - a +0 dagger
 g - a +2 dagger of flaming
 n - a +0 blowgun
 q - a +0 halberd
 t - a +3 quarterstaff of chaos (weapon)
 y - a +4 flail of holy wrath
 B - a +0 rapier
Missiles
 a - 175 stones (quivered)
Armour
 i - a +1 pair of gloves (worn)
 u - a +0 cloak (worn)
Jewellery
 l - an uncursed amulet of guardian spirit {unknown}
 o - a cursed ring of resist corrosion (left hand)
Wands
 f - a wand of random effects (1)
 x - a wand of flame (18)
Scrolls
 e - 2 scrolls of remove curse
 h - 2 scrolls of blinking {unknown}
 k - 2 scrolls of teleportation {unknown}
 m - 13 scrolls of identify {unknown}
 s - a scroll of amnesia {unknown}
 w - a scroll of enchant armour {unknown}
 A - a scroll of acquirement {unknown}
 C - a scroll of magic mapping {unknown}
 D - a scroll of enchant weapon {unknown}
Potions
 j - a potion of degeneration
 p - 2 potions of might {unknown}
 r - a potion of haste {unknown}
 v - a potion of lignification {unknown}
 z - 3 potions of flight {unknown}
 E - a potion of brilliance
Comestibles
 b - 17 rations
 F - a chunk of flesh


   Skills:
 + Level 6.5 Fighting
 + Level 5.0 Staves
 - Level 1.7 Dodging
 - Level 1.7 Stealth
 + Level 6.0 Spellcasting
 * Level 9.8 Conjurations


You had 11 spell levels left.
You knew the following spells:

 Your Spells              Type           Power        Failure   Level  Hunger
a - Magic Dart            Conj           ####         1%          1    None
b - Iskenderun's Mystic   Conj           #####...     1%          4    ####...
c - Fulminant Prism       Conj/Hex       ###.......   14%         4    ####...

Your spell library contained the following spells:

 Spells                   Type           Power        Failure   Level  Hunger
 Dazzling Spray           Conj/Hex       ###...       4%          3    ##.....
 Force Lance              Conj/Tloc      ###.....     14%         4    ####...
 Searing Ray              Conj           #####.       1%          2    None


Dungeon Overview and Level Annotations

Branches:
Dungeon (8/15)             Temple (1/1) D:4
   Lair: D:8-11

Altars:
Ashenzari
Cheibriados
Dithmenos
Elyvilon
Fedhas
Gozag
Hepliaklqana
Kikubaaqudgha
Nemelex Xobeh
Qazlal
Ru
Sif Muna
Trog
Vehumet
Wu Jian
Yredelemnul
Zin
The Shining One


Innate Abilities, Weirdness & Mutations

You can breathe blasts of scalding, opaque steam.
Your pale cyan-grey scales are hard. (AC +7)
You cannot fit into any form of body armour.
You are cold-blooded and may be slowed by cold attacks.
You are agile. (Dex +2)
You are resistant to hostile enchantments. (MR+)
Your system is resistant to poisons. (rPois)
You are resistant to electric shocks. (rElec)


Message History

The two-headed ogre hits you with a giant spiked club!
* * * LOW HITPOINT WARNING * * *
The two-headed ogre barely misses you.
You hit the two-headed ogre but do no damage.
The two-headed ogre is lightly wounded.
The two-headed ogre closely misses you. The two-headed ogre barely misses you.
You completely miss the two-headed ogre.
The two-headed ogre is lightly wounded.
The two-headed ogre hits you with a giant spiked club!
* * * LOW HITPOINT WARNING * * *
The two-headed ogre barely misses you.
You hit the two-headed ogre.
The two-headed ogre is poisoned.
The two-headed ogre is lightly wounded.
The two-headed ogre misses you. The two-headed ogre closely misses you.
The two-headed ogre misses you. x2
You hit the two-headed ogre.
The two-headed ogre flickers and vanishes!
Deactivating autopickup; reactivate with Ctrl-A.
Something hits you!!
You die...

#.# #.# #.# #.# #.#
#.# ...##########.#
.........{.##.##
.......###@#...####.
....##. #...........
... #.###.#...####.#
# #.....รท..##
#####.##.# #.##. #
#.##.# ......
....###.##'## #.....
..........#...##
#.....
##.#.#.####.....##
#.....


There were no monsters in sight!

Vanquished Creatures
  Prince Ribbit (D:6)
  A hornet (D:8)
  Menkaure (D:6)
  Edmund (D:6)
  A sky beast (D:5)
  2 ice beasts (D:5)
  A necrophage (D:7)
  4 phantoms
  2 ogres
  2 centaurs (D:8)
  A crocodile (D:5)
  A bullfrog (D:8)
  A water moccasin zombie (D:7)
  A scorpion (D:4)
  3 killer bees
  A howler monkey (D:7)
  A crimson imp (D:5)
  A bullfrog zombie (D:5)
  3 hounds
  2 orc priests
  A gnoll shaman (D:5)
  Crazy Yiuf (D:2)
  2 bullfrog skeletons
  5 orc wizards
  4 iguanas
  Natasha (thrice) (D:2)
  3 worker ants
  A hound zombie (D:7)
  2 hound skeletons
  A worker ant zombie (D:8)
  13 gnolls
  8 adders
  A shadow imp (D:4)
  6 worms
  6 dart slugs
  4 leopard geckos
  20 orcs
  2 ball pythons
  9 giant cockroaches
  4 goblins
  6 hobgoblins
  A jackal (shapeshifter) (D:3)
  3 jackals (D:7)
  8 kobolds
  7 quokkas
  6 bats
  3 frilled lizards
  A quokka skeleton (D:4)
  8 rats
170 creatures vanquished.

Notes
Turn   | Place    | Note
-------+----------+-------------------------------------------
     0 | D:1      | Htamos the Draconian Conjurer began the quest for the Orb.
     0 | D:1      | Reached XP level 1. HP: 14/14 MP: 3/3
   431 | D:1      | Reached XP level 2. HP: 20/20 MP: 0/5
   941 | D:1      | Reached XP level 3. HP: 27/27 MP: 1/6
  1309 | D:2      | Reached skill level 1 in Fighting
  1518 | D:2      | Found a runed door.
  1629 | D:2      | Reached skill level 5 in Conjurations
  1643 | D:2      | Reached XP level 4. HP: 5/35 MP: 0/8
  1986 | D:2      | Noticed Natasha
  1991 | D:2      | Killed Natasha
  2402 | D:2      | Noticed Crazy Yiuf
  2411 | D:2      | Killed Crazy Yiuf
  2682 | D:3      | Reached XP level 5. HP: 40/41 MP: 9/9
  3316 | D:3      | Reached skill level 6 in Conjurations
  3316 | D:3      | Reached XP level 6. HP: 42/50 MP: 5/11
  3327 | D:2      | Gained mutation: Scrolls take you a little longer to read. [potion of mutation]
  3327 | D:2      | Gained mutation: You passively map a small area around you. [potion of mutation]
  3411 | D:2      | Noticed Natasha
  3416 | D:2      | Killed Natasha
  3551 | D:2      | Noticed Natasha
  3559 | D:2      | Killed Natasha
  3788 | D:3      | Found an ancient bone altar of Kikubaaqudgha.
  4103 | D:3      | Found a hazy altar of Hepliaklqana.
  4545 | D:4      | Your scales start taking on a pale cyan-grey colour.
  4545 | D:4      | Reached XP level 7. HP: 46/57 MP: 8/12
  4557 | D:4      | Reached skill level 1 in Staves
  4778 | D:4      | Reached skill level 7 in Conjurations
  4900 | D:4      | Found an ornate altar of the Wu Jian Council.
  4943 | D:4      | Found a white marble altar of Elyvilon.
  5165 | D:4      | Found a shadowy altar of Dithmenos.
  5211 | D:4      | Found a staircase to the Ecumenical Temple.
  5280 | D:5      | Entered Level 5 of the Dungeon
  5532 | D:5      | Reached XP level 8. HP: 48/67 MP: 14/14
  6019 | D:5      | Reached skill level 8 in Conjurations
  6421 | D:5      | Reached skill level 5 in Fighting
  6575 | D:5      | Reached skill level 5 in Spellcasting
  6815 | D:6      | Noticed Edmund
  6831 | D:6      | Killed Edmund
  6973 | D:6      | Found a snail-covered altar of Cheibriados.
  7031 | D:6      | Noticed Prince Ribbit
  7043 | D:6      | Killed Prince Ribbit
  7239 | D:6      | Reached XP level 9. HP: 73/74 MP: 6/16
  7245 | D:6      | Learned a level 4 spell: Iskenderun's Mystic Blast
  7250 | D:6      | Learned a level 4 spell: Fulminant Prism
  7495 | D:6      | Noticed Menkaure
  7498 | D:6      | Killed Menkaure
  7498 | D:6      | Reached skill level 9 in Conjurations
  7584 | D:6      | Found a radiant altar of Vehumet.
  8032 | D:7      | Lost mutation: You passively map a small area around you. [potion of mutation]
  8032 | D:7      | Lost mutation: Scrolls take you a little longer to read. [potion of mutation]
  8032 | D:7      | Gained mutation: You evolve. [potion of mutation]
  8032 | D:7      | Gained mutation: You do not regenerate when monsters are visible. [potion of mutation]
  8032 | D:7      | Gained mutation: You are agile. (Dex +2) [potion of mutation]
  8033 | D:7      | Lost mutation: You evolve. [potion of mutation]
  8033 | D:7      | Lost mutation: You do not regenerate when monsters are visible. [potion of mutation]
  8033 | D:7      | Gained mutation: Your system is resistant to poisons. (rPois) [potion of mutation]
  8033 | D:7      | Gained mutation: You are resistant to electric shocks. (rElec) [potion of mutation]
  8033 | D:7      | Gained mutation: You are resistant to hostile enchantments. (MR+) [potion of mutation]
  8039 | D:7      | Found a deep blue altar of Sif Muna.
  8099 | Temple   | Entered the Ecumenical Temple
  8355 | D:6      | Became a worshipper of Vehumet
  8883 | D:7      | Found a blossoming altar of Fedhas.
  8970 | D:8      | Noticed a two-headed ogre
  9329 | D:8      | Noticed a two-headed ogre
  9532 | D:8      | Paralysed by a hornet for 1 turns
  9742 | D:8      | Reached skill level 5 in Staves
 10043 | D:8      | Noticed a two-headed ogre
 10054 | D:8      | Demolished by a two-headed ogre

Vault maps used:
D:1:      dpeg_arrival_signposts
D:2:      minmay_tetromino_t4, uniq_natasha, uniq_crazy_yiuf_cottage
D:3:      nicolae_overflow_hidden_temple, old_standard_altar,
          portal_sewer_entry_e
D:4:      lemuel_coloured_pillars_altar, grunt_dithmenos_shadows,
          nicolae_overflow_crystal_walls, temple_statues, minmay_misc_feat_room,
          minmay_mini_jars
D:5:      first_ration
D:6:      old_standard_altar, marbit_many_paths, uniq_menkaure, uniq_edmund,
          uniq_prince_ribbit1
D:7:      fedhas_altar_fruit_tree, kennysheep_mini
D:8:      okawaru_metal_pillars_1_2, kennysheep_little_box, serial_shops,
          nicolae_shop_statue_plus, gammafunk_ghost_spectres,
          nicolae_transmutations_shop, uniq_erica
Temple:   compressed_dpeg_triangle_lava_temple

Skill      XL: |  1  2  3  4  5  6  7  8  9 |
---------------+----------------------------+-----
Fighting       | 1 2 3 4 5 6 |  6.5
Conjurations   | 5 6 7 8 9 |  9.8
Spellcasting   | 3 4 5 6 |  6.0
Staves         | 2 4 5 |  5.0
Dodging        | |  1.7
Stealth        | |  1.7

Action                   |  1- 3 |  4- 6 |  7- 9 || total
-------------------------+-------+-------+-------++-------
Melee: Unarmed           |    26 |       |       ||    26
       Tailslap          |     2 |     8 |    26 ||    36
       Dagger            |    14 |     5 |    22 ||    41
       Quarterstaff      |       |   142 |   212 ||   354
       Flail             |       |     3 |    24 ||    27
Throw: Stone             |     4 |       |       ||     4
 Cast: Magic Dart        |    68 |    44 |    92 ||   204
       Iskenderun's Myst |       |       |    11 ||    11
Evoke: Wand              |       |       |    29 ||    29
  Use: Scroll            |     1 |     1 |     1 ||     3
       Potion            |       |     7 |     2 ||     9
 Stab: Sleeping          |       |     2 |     2 ||     4
       Paralysed         |       |       |     2 ||     2
       Petrifying        |       |       |     2 ||     2
  Eat: Chunk             |     3 |     9 |    13 ||    25
       Ration            |       |       |     2 ||     2
Armor: Skin              |    23 |    51 |   102 ||   176
Dodge: Dodged            |    36 |   109 |   151 ||   296

Table legend:
 A = Spawn XP
 B = Non-spawn XP
 C = Spawn XP percentage of total XP
 D = Spawn monster count
 E = Non-spawn monster count
 F = Spawn count percentage of total count
 G = Total turns spent on level
                    A         B        C        D         E        F      G
               +---------+---------+-------+---------+---------+-------+---------
         Total |       0 |    4522 |   0.0 |       0 |     170 |   0.0 | 10054
               +---------+---------+-------+---------+---------+-------+---------
           D:1 |       0 |      55 |   0.0 |       0 |      23 |   0.0 |  1127
           D:2 |       0 |     290 |   0.0 |       0 |      27 |   0.0 |  1883
           D:3 |       0 |     226 |   0.0 |       0 |      32 |   0.0 |  1259
           D:4 |       0 |     703 |   0.0 |       0 |      26 |   0.0 |  1023
           D:5 |       0 |     948 |   0.0 |       0 |      22 |   0.0 |  1370
           D:6 |       0 |     881 |   0.0 |       0 |      13 |   0.0 |  1443
           D:7 |       0 |     690 |   0.0 |       0 |      13 |   0.0 |  1023
           D:8 |       0 |     729 |   0.0 |       0 |      14 |   0.0 |   745
               +---------+---------+-------+---------+---------+-------+---------
